cohdb
Replays
Latest Replays
All Replays
Popular Replays
Top Player Replays
Match Explorer
How It Works
Community
CoH3 Stats
Reddit
Sign in to upload your games and track your stats! →
Sign in with Steam
Match 40188074
Unlisted
Match 40188074
Overview
Messages
Build Orders
End
Selects Special Operations Battlegroup
Selects M29 Weasel Recon Vehicle
Selects M29 Weasel Recon Vehicle
M29 Weasel Recon Vehicle
Construct Weapon Support Center
M1919 Machine Gun Team
Engineer Squad
Bazooka Squad
Selects Raiding Flares
Sniper
Infantry Support Center
Bazooka Squad
Construct Tank Depot
Selects SSF Commando Squad
SSF Commando Squad
SSF Commando Squad
M18 Hellcat Tank Destroyer
M18 Hellcat Tank Destroyer
M18 Hellcat Tank Destroyer
Selects Mark Vehicle
Selects UNKNOWN (2162291)
Selects Air Re-supply Operation
M4A1 Sherman Whizbang
M18 Hellcat Tank Destroyer
SSF Commando Squad
Alc.Mit0Lu
xmasjs
Hubcik タップ日
KT6790
Doom&Gloom
wila
LittleFatty233
三号战车
0
0
Comments
sign in to comment!
No comments posted yet!